 Dungeon Crawl Stone Soup version 0.28.0-43-g3370ac3207 (webtiles) character file.

Game seed: 6290673212382855857

25690 sdsfil the Protected (level 12, -4/112 HPs)
             Began as a Minotaur Fighter on Mar 6, 2022.
             Was the Champion of Okawaru.
             Hit by a boomerang thrown by an orc warrior (11 damage)
             ... on level 2 of the Orcish Mines.
             The game lasted 00:36:02 (17160 turns).

sdsfil the Protected (Minotaur Fighter)            Turns: 17160, Time: 00:36:03

Health: -4/112     AC: 27    Str: 47    XL:     12   Next: 91%
Magic:  11/11      EV: 10    Int:  8    God:    Okawaru [******]
Gold:   1059       SH: 22    Dex: 15    Spells: 11/11 levels left

rFire   + . .      SeeInvis .   S - +5 whip of Valiance {speed, rC+ Str+6}
rCold   + . .      Faith    .   p - +4 kite shield of Ferocious Joy {Str+4}
rNeg    + + .      Spirit   .   q - +0 plate armour
rPois   +          Reflect  +   R - +2 hat
rElec   .          Harm     .   M - +2 cloak of Rode {rN+ Str+4}
rCorr   .          Rampage  .   U - +0 pair of gloves
Will    .....                   v - +2 pair of boots of Okawaru's Reproof {Contam rN+ Will+ Int+3}
Stlth   ..........              I - amulet "Beyjus" {Reflect Drain Will- Str+8 Dex+4 SH+5}
HPRegen 0.28/turn               t - ring of protection from fire
MPRegen 0.12/turn               E - ring of poison resistance

@: no status effects
A: horns 2, retaliatory headbutt
a: Renounce Religion, Heroism, Finesse, Duel


You were on level 2 of the Orcish Mines.
You worshipped Okawaru.
Okawaru was exalted by your worship.
You visited 3 branches of the dungeon, and saw 15 of its levels.
You also visited: Sewer.

You collected 1059 gold pieces.

Inventory:

Hand Weapons
 x - a +3 flail of holy wrath
 S - the +5 whip of Valiance (weapon) {speed, rC+ Str+6}
   (You found it on level 9 of the Dungeon)

   Attacks with this weapon are significantly faster.
   Str:       It affects your strength (+6).
   rC:        It protects you from cold.
Missiles
 c - 5 silver javelins
Armour
 p - the +4 kite shield of Ferocious Joy (worn) {Str+4}
   (You acquired it on level 10 of the Dungeon)

   Str:       It affects your strength (+4).
 q - a +0 plate armour (worn)
 v - the +2 pair of boots of Okawaru's Reproof (worn) {Contam rN+ Will+ Int+3}
   (Okawaru gifted it to you on level 11 of the Dungeon)

   Int:       It affects your intelligence (+3).
   rN:        It protects you from negative energy.
   Contam:    It causes magical contamination when unequipped.
   Will:      It increases your willpower.
 M - the +2 cloak of Rode (worn) {rN+ Str+4}
   (You found it on level 6 of the Dungeon)

   Str:       It affects your strength (+4).
   rN:        It protects you from negative energy.
 R - a +2 hat (worn)
 U - a +0 pair of gloves (worn)
Jewellery
 r - a ring of wizardry
 t - a ring of protection from fire (left hand)
 z - a ring of positive energy
 E - a ring of poison resistance (right hand)
 I - the amulet "Beyjus" (around neck) {Reflect Drain Will- Str+8 Dex+4 SH+5}
   (You found it on level 6 of the Dungeon)

   [amulet of reflection]

   It reflects blocked missile attacks.
   Str:       It affects your strength (+8).
   Dex:       It affects your dexterity (+4).
   Drain:     It drains your maximum health when unequipped.
   SH:        It affects your SH (+5).
   Will:      It decreases your willpower.
 P - a ring of ice
 T - a ring of poison resistance
Wands
 L - a wand of acid (1)
Scrolls
 a - a scroll of magic mapping
 g - 3 scrolls of fog
 h - a scroll of amnesia
 l - 2 scrolls of vulnerability
 o - 6 scrolls of fear
 w - 8 scrolls of teleportation
 y - 3 scrolls of immolation
 A - a scroll of torment
 C - 2 scrolls of enchant armour
 D - a scroll of blinking
 H - a scroll of brand weapon
 O - 3 scrolls of holy word
Potions
 b - a potion of lignification {unknown}
 d - 3 potions of might
 e - 4 potions of attraction {unknown}
 i - 2 potions of degeneration {unknown}
 k - 5 potions of curing
 m - a potion of mutation {unknown}
 n - a potion of resistance {unknown}
 s - 2 potions of magic {unknown}
 u - 4 potions of flight
 B - a potion of heal wounds
 J - a potion of brilliance {unknown}
 N - 2 potions of cancellation {unknown}
 Q - 2 potions of ambrosia {unknown}
Miscellaneous
 F - a phial of floods


   Skills:
 * Level 12.0 Fighting
 * Level 13.9 Maces & Flails
 + Level 2.0 Throwing
 + Level 14.1 Armour
 + Level 3.0 Dodging
 - Level 1.0 Stealth
 + Level 13.0 Shields
 + Level 1.9 Unarmed Combat


You had 11 spell levels left.
You didn't know any spells.
Your spell library contained the following spells:

 Spells                   Type           Power      Damage    Failure   Level
 Apportation              Tloc           0%         N/A       95%         1
 Pain                     Necr           0%         1d4       95%         1
 Vampiric Draining        Necr           0%         2d6       100%        3
 Cause Fear               Hex            0%         N/A       100%        4
 Fulminant Prism          Conj/Hex       0%         3d6       100%        4
 Alistair's Intoxication  Tmut/Pois      0%         N/A       100%        5
 Borgnjor's Vile Clutch   Necr/Erth      0%         N/A       100%        5
 Animate Skeleton         Necr           Unusable   N/A       N/A         1
 Summon Guardian Golem    Hex/Summ       Unusable   N/A       N/A         3
 Animate Dead             Necr           Unusable   N/A       N/A         4
 Death Channel            Necr           Unusable   N/A       N/A         6

Dungeon Overview and Level Annotations

Branches:
Dungeon (12/15)            Temple (1/1) D:6            Lair (0/6) D:8
    Orc (2/2) D:12          Sewer (visited)
    Elf: Orc:2

Altars:
Ashenzari
Cheibriados
Dithmenos
Elyvilon
Fedhas
Kikubaaqudgha
Nemelex Xobeh
Okawaru
Qazlal
Ru
Sif Muna
Trog
Uskayaw
Vehumet
Wu Jian
Yredelemnul
Zin
The Shining One
Beogh

Shops:
D:2 *   D:5 ((   Orc:2 ![[=


Innate Abilities, Weirdness & Mutations

You have a pair of horns on your head.
You reflexively headbutt those who attack you in melee.


Message History

Aim: an orc warrior, wielding a +0 dire flail, wearing a +0 plate armour and quivering boomerangs (heavily wounded)
The mass of ice explodes!
The iceblast engulfs the orc warrior but does no damage.
The orc warrior is lightly wounded.
The iceblast engulfs the orc!
You kill the orc!
The now-empty wand crumbles to dust.
You hear a shout! x3; You hear a howl!
You hear a shout! x2
A gnoll comes into view. It is wielding a +0 spear.
A gnoll comes into view. It is wielding a +0 halberd.
A gnoll comes into view. It is wielding a +0 club.
The gnoll shouts!
You hear a shout! x2
An orc warrior comes into view. It is wielding a +0 dire flail.
The gnoll misses you. You furiously retaliate!
You headbutt the gnoll!!
You kill the gnoll!
Okawaru accepts your kill.
Things that are here:
a +0 halberd; 38 gold pieces You whack the gnoll!
Your headbutt misses the gnoll.
The gnoll is severely wounded.
You block the gnoll's attack.
You hit the gnoll.
You kill the gnoll!
Okawaru accepts your kill. The orc warrior misses you.
The gnoll barely misses you.
An orc priest comes into view. It is wielding a +0 short sword.
You see here a +0 club.
You whack the gnoll!
The gnoll is severely wounded.
You block the orc warrior's attack. x2
You hit the gnoll. You headbutt the gnoll.
You kill the gnoll!
Okawaru accepts your kill.
The orc priest mumbles some strange prayers to Beogh against you.
Beogh smites you!
* * * LOW HITPOINT WARNING * * *
You block the orc warrior's attack.
You hear a shout!
The orc warrior throws a boomerang.
The boomerang hits you!
You die...

.........#..o
#.......†).)
.........#..o
#..###.###.#
.........#∩.. #..#
#.# #.#
........o######..#
#.# #.#
.....oo.oo........
... ...
......)oo.........
... ...
.......o)o.......
.#######
.......o.o.......
........o@.......
.................
.................
.................
...o.............
.................
...............#
...............


You could see 4 orc warriors, an orc priest and 8 orcs.

Vanquished Creatures
  3 hydras
  A boulder beetle (D:9)
  Erolcha (D:9)
  2 two-headed ogres
  An orc high priest (Orc:2)
  A lindwurm (D:9)
  7 orc knights
  An ugly thing (D:12)
  A manticore (D:12)
  A deep elf pyromancer (D:12)
  A cyclops (D:12)
  2 centaur zombies (D:11)
  3 kobold demonologists (D:12)
  The ghost of Swamplord the Conjurer, a novice DECj (D:6)
  7 trolls
  A water elemental (D:12)
  2 jumping spiders (D:9)
  4 shadows
  A wyvern (D:8)
  5 yaks (D:8)
  4 wraiths
  Grum (D:9)
  2 basilisks (D:8)
  13 vampire mosquitoes
  A redback (D:9)
  5 water moccasins
  6 wargs
  Duvessa (D:5)
  Edmund (D:4)
  An acid dragon (D:8)
  2 sky beasts
  29 orc warriors
  An ice beast (D:5)
  A necrophage (D:4)
  4 wolves
  2 ogres (Orc:1)
  A phantom (D:6)
  3 centaurs
  8 kobold brigands
  3 bullfrogs
  2 gnoll sergeants (D:9)
  2 scorpions
  Dowan (D:5)
  4 killer bees (D:10)
  An electric eel (D:12)
  3 howler monkeys
  2 lava snakes (D:9)
  A bullfrog zombie (D:6)
  A centaur skeleton (D:7)
  An iron imp (D:11)
  8 orc priests
  2 hounds
  3 jellies
  2 iguanas
  15 orc wizards
  Terence (D:3)
  A killer bee zombie (D:6)
  A howler monkey zombie (D:11)
  17 gnolls
  3 river rats
  7 adders
  A shadow imp (Temple)
  2 white imps (D:6)
  An ufetubus (D:6)
  A worm (D:3)
  4 dart slugs
  71 orcs
  6 endoplasms
  2 giant cockroaches
  4 goblins
  6 hobgoblins
  8 jackals
  49 kobolds
  4 quokkas
  10 ball pythons
  2 bats (D:2)
  3 frilled lizards
  12 rats
399 creatures vanquished.

Vanquished Creatures (others)
  15 plants
15 creatures vanquished.

Grand Total: 414 creatures vanquished

Notes
Turn   | Place    | Note
-------+----------+-------------------------------------------
     0 | D:1      | sdsfil the Minotaur Fighter began the quest for the Orb.
     0 | D:1      | Reached XP level 1. HP: 19/19 MP: 0/0
   414 | D:1      | Found a faded altar of an unknown god.
   524 | D:1      | Reached XP level 2. HP: 25/27 MP: 1/1
   646 | D:1      | Reached skill level 4 in Armour
  1164 | D:2      | Reached XP level 3. HP: 26/33 MP: 2/2
  1621 | D:2      | Reached XP level 4. HP: 25/41 MP: 3/3
  1814 | D:2      | Found Soqyotty's General Store.
  2415 | D:3      | Noticed Terence
  2428 | D:3      | Killed Terence
  3024 | D:4      | Reached skill level 5 in Armour
  3024 | D:4      | Reached XP level 5. HP: 38/47 MP: 4/4
  3314 | D:4      | Noticed Edmund
  3340 | D:4      | Killed Edmund
  3341 | D:4      | Reached skill level 5 in Maces & Flails
  3341 | D:4      | Reached XP level 6. HP: 20/55 MP: 5/5
  3550 | D:4      | Reached skill level 6 in Armour
  3822 | D:4      | Reached XP level 7. HP: 59/60 MP: 6/6
  4228 | D:5      | Entered Level 5 of the Dungeon
  4462 | D:5      | Reached skill level 5 in Fighting
  4533 | D:5      | Found a glowing drain.
  4539 | Sewer    | Entered a sewer
  4617 | Sewer    | Reached skill level 7 in Armour
  4623 | Sewer    | Reached skill level 1 in Dodging
  4628 | Sewer    | HP: 3/61 [poisoned by a kobold]
  5032 | Sewer    | Found a white marble altar of Elyvilon.
  5523 | D:5      | Found Yweiq Toc's Weapon Boutique.
  5530 | D:5      | Reached XP level 8. HP: 62/69 MP: 7/7
  5725 | D:5      | Found Tetyxan's Antique Weapon Emporium.
  5738 | D:5      | Reached skill level 5 in Shields
  5747 | D:5      | Noticed Duvessa
  5747 | D:5      | Noticed Dowan
  5752 | D:5      | Killed Duvessa
  5761 | D:5      | Killed Dowan
  5762 | D:5      | Reached skill level 8 in Armour
  5974 | D:6      | Found a staircase to the Ecumenical Temple.
  5985 | Temple   | Entered the Ecumenical Temple
  6113 | Temple   | Became a worshipper of Warmaster Okawaru
  6645 | D:6      | Identified the amulet "Beyjus" {Reflect Drain Will- Str+8
                  | Dex+4 SH+5}
  7323 | D:6      | Found a runed translucent door.
  7323 | D:6      | Noticed Swamplord's ghost (novice DECj)
  7334 | D:6      | Killed Swamplord's ghost
  7334 | D:6      | Reached * piety under Okawaru
  7335 | D:6      | Reached skill level 1 in Unarmed Combat
  7366 | D:6      | Reached skill level 9 in Armour
  7366 | D:6      | Reached XP level 9. HP: 38/77 MP: 8/8
  7367 | D:6      | Identified the +2 cloak of Rode {rN+ Str+4}
  8643 | D:8      | Reached ** piety under Okawaru
  8650 | D:8      | Reached skill level 10 in Armour
  8655 | D:8      | Reached skill level 10 in Maces & Flails
  8676 | D:8      | Reached XP level 10. HP: 29/86 MP: 9/9
  8680 | D:8      | Reached *** piety under Okawaru
  8972 | D:8      | Found a staircase to the Lair.
  9043 | D:8      | Found a glowing golden altar of the Shining One.
  9458 | D:9      | Reached skill level 11 in Armour
  9939 | D:9      | Reached skill level 1 in Stealth
  9941 | D:9      | HP: 4/88 [gnoll sergeant/+2 spear of venom (8)]
  9947 | D:9      | HP: 3/88 [poisoned by a gnoll sergeant]
  9948 | D:9      | HP: 1/88 [poisoned by a gnoll sergeant]
  9962 | D:9      | Noticed Grum
 10520 | D:9      | Killed Grum
 10699 | D:9      | Found a runed translucent door.
 10927 | D:9      | Noticed Erolcha
 10958 | D:9      | Killed Erolcha
 10958 | D:9      | Reached **** piety under Okawaru
 11499 | D:9      | Reached skill level 12 in Armour
 11501 | D:9      | Identified the +5 whip of Valiance {speed, rC+ Str+6}
 11716 | D:9      | Found a runed translucent gate.
 11716 | D:9      | Found a runed translucent gate.
 11716 | D:9      | Found a runed translucent gate.
 11716 | D:9      | Found a runed translucent gate.
 11717 | D:9      | Found a runed translucent gate.
 11718 | D:9      | Found a runed translucent gate.
 11718 | D:9      | Noticed a lindwurm
 11719 | D:9      | Noticed a boulder beetle
 11761 | D:9      | Killed a boulder beetle
 11981 | D:9      | Killed a lindwurm
 11982 | D:9      | Reached XP level 11. HP: 97/97 MP: 10/10
 12060 | D:10     | Entered Level 10 of the Dungeon
 12216 | D:10     | Identified a scroll of acquirement
 12222 | D:10     | Acquired the +4 kite shield of Ferocious Joy {Str+4}
 13068 | D:11     | Got the Tome of Glamour
 13101 | D:11     | Noticed a two-headed ogre
 13112 | D:11     | Reached skill level 13 in Armour
 13118 | D:11     | Killed a two-headed ogre
 13118 | D:11     | Reached ***** piety under Okawaru
 13277 | D:11     | Identified the +2 pair of boots of Okawaru's Reproof
                  | {Contam rN+ Will+ Int+3} (Okawaru gifted it to you on level
                  | 11 of the Dungeon)
 13277 | D:11     | Received a gift from Okawaru
 13496 | D:11     | Noticed a seven-headed hydra
 13505 | D:11     | Killed a seven-headed hydra
 13671 | D:11     | Found a snail-covered altar of Cheibriados.
 13941 | D:12     | Noticed a cyan ugly thing
 13954 | D:12     | Killed a cyan ugly thing
 14014 | D:12     | Noticed a four-headed hydra
 14021 | D:12     | Killed a four-headed hydra
 14040 | D:12     | Noticed a soul eater
 14072 | D:12     | Reached skill level 10 in Fighting
 14083 | D:12     | Reached skill level 10 in Shields
 14089 | D:12     | Noticed a sixfirhy
 14384 | D:12     | Noticed a two-headed ogre
 14396 | D:12     | Killed a two-headed ogre
 14414 | D:12     | Reached XP level 12. HP: 53/107 MP: 11/11
 14976 | D:12     | Noticed a four-headed hydra
 14985 | D:12     | Killed a four-headed hydra
 15231 | D:12     | Found a staircase to the Orcish Mines.
 15286 | Orc:1    | Entered Level 1 of the Orcish Mines
 15367 | Orc:2    | Entered Level 2 of the Orcish Mines
 15372 | Orc:2    | Noticed an orc high priest
 15374 | Orc:2    | Reached skill level 1 in Throwing
 15394 | Orc:2    | Killed an orc high priest
 15394 | Orc:2    | Received a gift from Okawaru
 15692 | Orc:2    | Found Ibuti's Jewellery Boutique.
 15736 | Orc:1    | Received a gift from Okawaru
 16441 | Orc:2    | Reached skill level 14 in Armour
 16880 | Orc:2    | Reached ****** piety under Okawaru
 16892 | Orc:2    | Found Itiahuoh's Armour Shoppe.
 17075 | Orc:2    | Found Cutwyqer's Armour Boutique.
 17075 | Orc:2    | Found Sipyops's Distillery.
 17160 | Orc:2    | Hit by a boomerang thrown by an orc warrior

Illustrated notes

Levels and vault maps discovered:
D:1:      erik_arrival_blinker_ship, layout_basic,
          shapermc_ecumenical_altar_mp_urbaneastern, minmay_split_cup_large
D:2:      layout_rooms, serial_shops, nicolae_lakefront_shop,
          minmay_quadrilaterals
D:3:      layout_loops_ring, uniq_terence
D:4:      kennysheep_kobold_camp, layout_loops_ring, lemuel_flame_loot_1,
          uniq_edmund
D:5:      layout_basic, serial_shops, nicolae_shop_crystal,
          nicolae_shop_statue_plus, portal_sewer_entry_e, uniq_duvessa
D:6:      layout_loops_corners, minmay_temple_entry_glass,
          ebering_ghost_inner_flame
D:7:      layout_loops_corners
D:8:      layout_rooms, mainiacjoe_overflow_paths, minmay_lair_entry_grove
D:9:      gammafunk_indiana_jones, layout_irregular_city, uniq_grum,
          uniq_erolcha
D:10:     layout_irregular_city, minivault_16
D:11:     layout_roguey, hangedman_decor_growths, hangedman_decor_points,
          slow_altar_1
D:12:     layout_roguey, erik_orc_2
Temple:   mainiacjoe_temple_archimedes_tessellation
Orc:1:    layout_diamond_mine
Orc:2:    st_orc_town, layout_caves

Skill      XL: |  1  2  3  4  5  6  7  8  9 10 11 12 |
---------------+-------------------------------------+-----
Fighting       | 4 5 6 7 9 10 12 | 12.0
Armour         | 4 5 6 7 9 10 12 13 14 | 14.1
Maces & Flails | 3 4 5 6 7 8 10 12 13 | 13.9
Shields        | 4 6 8 10 13 | 13.0
Dodging        | 1 2 3 |  3.0
Unarmed Combat | 1 |  1.9
Stealth        | 1 |  1.0
Throwing       | 2 |  2.0

Action                   |  1- 3 |  4- 6 |  7- 9 | 10-12 || total
-------------------------+-------+-------+-------+-------++-------
Melee: Flail             |    90 |    27 |   282 |   167 ||   566
       Headbutt          |     6 |    22 |    49 |   209 ||   286
       Whip              |       |   111 |       |   677 ||   788
       Unarmed           |       |       |    21 |       ||    21
Throw: Dart              |       |       |       |    12 ||    12
       Throwing net      |       |       |       |     5 ||     5
Evoke: Wand              |       |       |       |     2 ||     2
  Use: Scroll            |       |       |     4 |    13 ||    17
       Potion            |       |       |       |     5 ||     5
Armor: Scale mail        |    65 |     1 |       |       ||    66
       Plate armour      |       |    56 |   197 |   313 ||   566
       Skin              |       |     2 |       |       ||     2
Dodge: Dodged            |    51 |    33 |   101 |   198 ||   383
Block: Buckler           |    19 |    20 |    81 |   117 ||   237
       Reflection        |       |       |       |    16 ||    16
       Kite shield       |       |       |       |   574 ||   574
